 Dungeon Crawl Stone Soup version 0.32-a0-841-g4648e6c457 (webtiles) character file.

Game seed: 10443655434559992491

368 Maxmaps the Chucker (level 6, -1/39 HPs)
             Began as an Octopode Shapeshifter on Mar 26, 2024.
             Slain by an ogre
             ... wielding a +0 giant club
              (24 damage)
             ... on level 4 of the Dungeon.
             The game lasted 00:03:25 (3038 turns).

Maxmaps the Chucker (Octopode Shapeshifter)         Turns: 3038, Time: 00:03:26

Health: -1/39      AC:  1    Str: 14    XL:     6   Next: 69%
Magic:  6/6        EV: 12    Int: 14    God:
Gold:   91         SH:  0    Dex: 11    Spells: 5/5 levels left

rFire   . .          .
                       - Unarmed
rCold   . . .        (no shield)
rNeg    . . .        (helmet currently unavailable)
rPois   .            (no amulet)
rElec   .            (no ring)
rCorr   .            (no ring)
SInv    .            (no ring)
Will    .....        (no ring)
Stlth   ++           (no ring)
HPRegen 0.26/turn    (no ring)
MPRegen 0.10/turn    (no ring)
                     (no ring)

%: no passive effects
@: confused, beast-form, ambrosia-drunk
A: beast (slay +1), almost no armour, amphibious, 8 rings, camouflage 1,
gelatinous body 1, (nimble swimmer 1), tentacles
a: Begin Untransformation


You were on level 4 of the Dungeon.
You were a hulking beast.
You visited 1 branch of the dungeon, and saw 4 of its levels.

You collected 113 gold pieces.
You spent 22 gold pieces at shops.

Inventory:

Missiles
 h - 4 boomerangs (quivered)
 l - 6 javelins
Jewellery
 f - a ring of fire
 q - a ring of fire
 t - a ring of positive energy
 w - a ring of protection from fire
Talismans
 b - a beast talisman (active)
 c - a flux talisman
 g - a dragon-blood talisman
Wands
 a - a wand of flame (7)
Scrolls
 e - 4 scrolls of identify
 m - a scroll of immolation {unknown}
 n - a scroll of fear {unknown}
 o - a scroll of fog {unknown}
 p - a scroll of torment {unknown}
 r - a scroll of summoning {unknown}
 v - a scroll of acquirement {unknown}
Potions
 d - a potion of berserk rage {unknown}
 i - 2 potions of ambrosia
 j - a potion of haste {unknown}
 k - a potion of magic {unknown}
 s - a potion of curing {unknown}
 u - a potion of brilliance {unknown}


   Skills:
 - Level 2.0 Fighting
 - Level 6.0 Throwing
 - Level 2.0 Dodging
 - Level 3.0 Unarmed Combat
 + Level 3.3 Shapeshifting


You had 5 spell levels left.
You didn't know any spells.
Your spell library contained the following spells:

 Spells                   Type           Power      Damage    Failure   Level
 Gell's Gravitas          Tloc           0%         N/A       65%         3
 Teleport Other           Tloc           0%         N/A       65%         3
 Tukima's Dance           Hex            0%         N/A       65%         3
 Dimensional Bullseye     Hex/Tloc       0%         N/A       96%         4
 Iskenderun's Mystic Bla  Conj/Tloc      0%         2d3       96%         4
 Dispersal                Tloc           0%         N/A       100%        6


Dungeon Overview and Level Annotations

Branches:
Dungeon (4/15)
 Temple: D:4-7

Altars:

Shops:
D:2 ?


Innate Abilities, Weirdness & Mutations

You are a hulking beast.
Your limbs bulge with bestial killing power. (Slay +1)
You cannot wear most types of armour.
You are amphibious.
You can wear up to eight rings at the same time.
Your skin changes colour to match your surroundings (Stealth+).
Your rubbery body absorbs attacks. (AC +1, EV +1)
((You are camouflaged when in or above water. (Stealth+)))
You have tentacles for arms and can constrict up to eight enemies at once.


Message History

Found a stone staircase leading up.
No target in view!
Found a robe.
No target in view!
You see here a +0 robe.
Found a leather armour.
No target in view!
No target in view!
w - a ring of protection from fire No target in view!
An endoplasm comes into view.
An endoplasm is nearby!
An ogre comes into view. It is wielding a +0 giant club.
There are monsters nearby!
The ogre shouts!
The endoplasm quivers.
A goblin comes into view. It is wielding a +0 club.
The goblin shouts!
You tentacle-slap the endoplasm.
The endoplasm is lightly wounded.
The endoplasm hits you.
You tentacle-slap the endoplasm.
You kill the endoplasm!
The ogre misses you.
You bludgeon the ogre! Your squeeze misses the ogre.
The ogre is moderately wounded.
The ogre hits you with a +0 giant club!!
Ouch! That really hurt!
You are too injured to fight recklessly!
You are too injured to fight recklessly!
You are too injured to fight recklessly!
You are too injured to fight recklessly!
Okay, then.
It was a potion of ambrosia.
You are confused.
You feel invigorated. The goblin hits you with a +0 club.
The ogre attacks as it pursues you!
The ogre hits you with a +0 giant club!!
Ouch! That really hurt!
You die...

#.......#
#.......#
#.......#
#.......#
#.......#####
............#
#........#
#..gO....#
+...h....+
#.:......#
#........#.#
#.$......#.#
#........#.####
#........#.##<#
####[...##.##.#
#.##.##.##.#
#....[#.##.#


You could see an ogre and a goblin.

Vanquished Creatures
  A black bear (D:3)
  A phantom (D:3)
  Jessica (D:2)
  An orc wizard (D:4)
  Natasha (thrice) (D:3)
  3 adders
  A dart slug (D:2)
  2 ribbon worms
  5 orcs
  6 endoplasms
  2 giant cockroaches
  3 hobgoblins
  2 jackals (D:4)
  5 kobolds
  3 quokkas
  2 ball pythons
  2 bats
  2 frilled lizards
  2 goblins
  7 rats
54 creatures vanquished.

Notes
Turn   | Place    | Note
-------+----------+-------------------------------------------
     0 | D:1      | Maxmaps the Octopode Shapeshifter began the quest for the
                  | Orb.
     0 | D:1      | Reached XP level 1. HP: 13/13 MP: 1/1
   681 | D:1      | Reached XP level 2. HP: 18/19 MP: 2/2
   818 | D:2      | Reached skill level 1 in Throwing
  1119 | D:2      | Reached skill level 2 in Throwing
  1119 | D:2      | Reached XP level 3. HP: 23/24 MP: 3/3
  1119 | D:2      | Found Guefoc's Magic Scroll Shoppe.
  1130 | D:2      | Bought a scroll of identify for 22 gold pieces
  1223 | D:2      | Noticed Jessica
  1238 | D:2      | Killed Jessica
  1239 | D:2      | Reached skill level 3 in Throwing
  1239 | D:2      | Reached XP level 4. HP: 14/29 MP: 4/4
  1991 | D:3      | Noticed a phantom
  2005 | D:3      | Killed a phantom
  2006 | D:3      | Reached skill level 4 in Throwing
  2006 | D:3      | Reached XP level 5. HP: 10/34 MP: 5/5
  2217 | D:3      | Noticed Natasha
  2229 | D:3      | Killed Natasha
  2317 | D:3      | Noticed Natasha
  2382 | D:3      | Found a faded altar of an unknown god.
  2457 | D:3      | Reached skill level 5 in Throwing
  2524 | D:4      | Noticed a black bear
  2539 | D:3      | Killed a black bear
  2540 | D:3      | Reached XP level 6. HP: 27/39 MP: 6/6
  2562 | D:3      | Killed Natasha
  2627 | D:3      | Noticed Natasha
  2643 | D:3      | Killed Natasha
  2644 | D:3      | Reached skill level 6 in Throwing
  3038 | D:4      | Slain by an ogre

Illustrated notes

Levels and vault maps discovered:
D:1:      saegor_arrival_simple_d, layout_basic
D:2:      layout_loops_cross, serial_shops, nicolae_shop_crystal,
          chequers_serial_rivers_micro_d, minmay_liquid_box,
          nicolae_houndstooth_variations, uniq_jessica
D:3:      layout_basic, ebering_ecumenical_altar_mist, uniq_natasha
D:4:      layout_basic, minmay_overflow_temple_star_quad, minmay_crystal_room,
          serial_bayou_lagoon_a, uniq_pikel

Skill      XL: |  1  2  3  4  5  6 |
---------------+-------------------+-----
Fighting       | 2 |  2.0
Throwing       | 2 3 4 5 6 |  6.0
Dodging        | |  2.0
Unarmed Combat | |  3.0
Shapeshifting  | |  3.3

Action                     |  1- 3 |  4- 6 || total
---------------------------+-------+-------++-------
  Melee: Unarmed           |    44 |    59 ||   103
         Tentacles         |     9 |    10 ||    19
         Constrict         |    10 |    10 ||    20
         Punch             |     1 |     1 ||     2
  Throw: Boomerang         |    10 |    18 ||    28
    Use: Scroll            |     1 |       ||     1
         Potion            |       |     2 ||     2
   Stab: Sleeping          |     2 |     4 ||     6
 Armour: Skin              |    22 |    61 ||    83
  Dodge: Dodged            |    18 |    21 ||    39

Table legend: (Time is in decaauts)
 A = Elapsed time spent in this place.
 B = Non-inter-level travel time spent in this place.
 C = Inter-level travel time spent in this place.
 D = Time resting spent in this place.
 E = Time spent auto-exploring this place.
 F = Levels seen in this place.
 G = Mean time per level.
                   A        B        C        D        E       F      G
               +--------+--------+--------+--------+--------+-----+--------+
         Total |   3035 |   2911 |    124 |    408 |   2123 |   4 |  758.8 |
       Dungeon |   3035 |   2911 |    124 |    408 |   2123 |   4 |  758.8 |
               +--------+--------+--------+--------+--------+-----+--------+

Top non-repeatable levels by time:
     D:3: 1283 daAuts
     D:1: 762 daAuts
     D:2: 713 daAuts
     D:4: 276 daAuts
